Scraper vs Harfangs
Created - 16 janvier 2015 at 19:19
Goals
|
Scraper |
0 |
2 |
3 |
5 |
Harfangs |
1 |
1 |
1 |
3 |
|
Shots
|
Scraper |
3 |
15 |
14 |
32 |
Harfangs |
10 |
17 |
15 |
42 |
|
1st period
1. Harfangs , Chris Kreider 25 (Stefan Ruzicka, Andrew Orpik) at 19:15
Penalties :
Eric Knodel (Out) for Slashing (Minor) at 1:37
2nd period
2. Scraper , Denis Shvidki 28 (Evander Kane, Jared Cowen) at 4:56
3. Scraper , Denis Shvidki 29 (Brayden Schenn, Brendan Smith) at 5:16 (PP)
4. Harfangs , Chris Kreider 26 (Stefan Ruzicka) at 11:58
Penalties :
James Wisniewski (BEA) for Roughing (Minor) at 4:59, Valeri Bure (Out) for Slashing (Minor) at 5:56
3rd period
5. Scraper , Eric Gryba 1 (Evander Kane, Denis Shvidki) at 9:25 (PP)
6. Harfangs , Stefan Ruzicka 38 (Petri Kontiola) at 11:24
7. Scraper , Daniel Winnik 15 (Eric Knodel) at 16:41
8. Scraper , Denis Shvidki 30 (Ben Eager, Rick Schofield) at 19:33 (Empty Net)
Penalties :
Roman Horak (Out) for Slashing (Minor) at 5:06, Robin Lehner (BEA) for Slashing (Minor) at 8:31 - Stefan Ruzicka served the penalty, Eric Knodel (Out) for Interference (Minor) at 13:48
Goalie Stats
Peter Mannino (Out), 39 saves from 42 shots - (0,929), W, 14-16-1, 60:00 minutes
Robin Lehner (BEA), 27 saves from 31 shots - (0,871), L, 16-11-4, 59:35 minutes
Players Stats for Scraper
Player Name G A P +/- PIM S H SB GA TA FO MP PP MP PK MP
------------------------------------------------------------------------------------
Ben Eager 0 1 1 0 0 3 2 0 0 1 0/0 18:58 0:00 1:18
Brayden Schenn 0 1 1 0 0 0 0 0 0 0 8/14 18:07 0:44 0:49
Brendan Smith 0 1 1 -2 0 1 2 2 0 1 0/0 26:05 1:05 3:36
Cameron Gaunce 0 0 0 0 0 0 0 0 0 0 0/0 0:00 0:00 0:00
Daniel Winnik 1 0 1 0 0 5 0 0 1 2 0/1 15:29 0:27 0:00
Denis Shvidki 3 1 4 1 0 6 0 0 0 0 0/0 17:45 0:44 0:00
Derek Joslin 0 0 0 0 0 0 0 0 0 0 0/0 5:38 1:05 4:15
Eric Godard 0 0 0 -1 0 2 1 0 0 0 0/2 8:50 0:00 2:03
Eric Gryba 1 0 1 0 0 1 4 1 0 1 0/0 22:22 0:06 2:27
Eric Knodel 0 1 1 2 4 1 0 0 0 0 0/0 13:16 0:00 2:28
Evander Kane 0 2 2 0 0 4 1 0 0 0 0/1 17:29 0:44 0:10
Ilkka Heikkinen 0 0 0 -2 0 3 1 0 0 0 0/0 25:05 0:06 4:42
Jared Cowen 0 1 1 0 0 1 0 1 1 1 0/0 19:01 0:00 0:16
Jerome Samson 0 0 0 0 0 0 0 0 0 0 0/0 0:00 0:00 0:00
Joe Finley 0 0 0 2 0 0 1 0 0 1 0/0 12:42 0:00 1:52
Reilly Smith 0 0 0 -1 0 1 0 2 0 0 0/1 16:34 0:27 0:00
Rick Schofield 0 1 1 1 0 0 0 0 0 0 3/5 4:33 0:00 3:59
Riley Armstrong 0 0 0 0 0 0 0 0 0 0 1/1 1:02 0:00 0:00
Riley Nash 0 0 0 0 0 0 0 0 0 0 0/0 0:00 0:00 0:00
Roman Horak 0 0 0 0 2 0 0 0 0 0 5/12 17:19 0:00 1:46
Ryan O'Reilly 0 0 0 -1 0 3 3 0 0 0 7/17 16:09 0:00 0:00
Valeri Bure 0 0 0 1 2 1 1 0 1 0 0/0 15:36 0:27 2:03
Players Stats for Harfangs
Player Name G A P +/- PIM S H SB GA TA FO MP PP MP PK MP
------------------------------------------------------------------------------------
Alex Killorn 0 0 0 0 0 3 0 0 0 0 8/12 16:40 2:59 0:00
Alexandre Picard 0 0 0 -1 0 1 3 1 2 0 0/0 24:37 3:48 0:23
Andrew Orpik 0 1 1 1 0 2 2 1 0 0 0/0 12:00 0:00 0:00
Brandon Pirri 0 0 0 -1 0 1 2 0 0 0 0/1 8:24 0:00 0:00
Chris Kreider 2 0 2 2 0 7 0 0 0 0 1/2 23:16 4:43 0:17
Drew Shore 0 0 0 -1 0 1 2 0 0 0 6/8 10:56 0:00 0:31
Dustin Jeffrey 0 0 0 -1 0 4 2 0 1 0 0/1 8:55 0:00 0:31
James Wisniewski 0 0 0 -1 2 2 3 1 1 0 0/0 25:50 3:48 0:48
Kyle Palmieri 0 0 0 -1 0 2 0 0 0 0 0/0 8:31 0:07 0:00
Mark Giordano 0 0 0 -1 0 4 3 2 1 0 0/0 23:36 4:08 0:23
Michal Repik 0 0 0 -1 0 2 0 0 0 0 0/0 10:53 0:21 0:00
Peter Olvecky 0 0 0 0 0 3 5 1 2 0 0/1 16:57 2:59 0:17
Petri Kontiola 0 1 1 2 0 2 0 0 0 1 15/29 23:33 4:49 0:23
Roman Wick 0 0 0 0 0 2 3 0 0 1 0/0 16:40 2:59 0:00
Sasha Pokulok 0 0 0 2 0 0 1 1 0 1 0/0 12:51 0:00 0:48
Stefan Ruzicka 1 2 3 2 0 6 1 0 0 0 0/0 23:13 4:50 0:00
Tomas Tatar 0 0 0 -1 0 0 1 0 0 0 0/0 10:51 0:01 0:23
Victor Bartley 0 0 0 0 0 0 0 1 0 0 0/0 21:05 4:08 0:00
3 Stars
1 - Denis Shvidki (Out)
2 - Stefan Ruzicka (BEA)
3 - Chris Kreider (BEA)
Power Play
Scraper - 2 on 2 Attempt(s) - 100,00%
Harfangs - 0 on 4 Attempt(s) - 0,00%
Penalty Kill
Scraper - 4 on 4 Attempt(s) - 100,00%
- Score 0 goal in Penalty Kill
Harfangs - 0 on 2 Attempt(s) - 0,00%
- Score 0 goal in Penalty Kill
Team Stat
Scraper - Hits : 16 - Faceoff Wins : 24 - Blocked Shots : 6 - Penalty Minutes : 8
Harfangs - Hits : 28 - Faceoff Wins : 30 - Blocked Shots : 8 - Penalty Minutes : 2
Official
Referees : StLaurent Francois and Rooney Chris
Linesman : Scott Driscoll and Steve Miller
Game Notes
Denis Shvidki has scored a Hat Trick!
Denis Shvidki has scored in a empty net!
Finance
Level 1 -- Attendance: 1511 (75,55%) -- Ticket Income 45 330 $
Level 2 -- Attendance: 739 (73,90%) -- Ticket Income 11 085 $
Total Attendance: 2250 (75,00%)
Total Ticket Income: 56 415 $
Other Income: 2 821 $
Total Income: 59 236 $
Scraper
5 vs 5 Forward
Center Left Wing Right Wing Time % Phy DF OF
1 Brayden Schenn Evander Kane Denis Shvidki 35 1 2 2
2 Ryan O'Reilly Ben Eager Reilly Smith 35 1 2 2
3 Roman Horak Daniel Winnik Valeri Bure 25 1 2 2
4 Roman Horak Daniel Winnik Eric Godard 5 1 2 2
5 vs 5 Defense
Defense Defense Time % Phy DF OF
1 Brendan Smith Ilkka Heikkinen 40 1 2 2
2 Jared Cowen Eric Gryba 35 1 2 2
3 Joe Finley Eric Knodel 15 1 2 2
4 Brendan Smith Ilkka Heikkinen 10 1 2 2
PowerPlay Forward
Center Left Wing Right Wing Time % Phy DF OF
1 Brayden Schenn Evander Kane Denis Shvidki 60 1 2 2
2 Reilly Smith Daniel Winnik Valeri Bure 40 1 2 2
PowerPlay Defense
Defense Defense Time % Phy DF OF
1 Derek Joslin Brendan Smith 60 1 2 2
2 Eric Gryba Ilkka Heikkinen 40 1 2 2
Penalty Kill 4 Players Forward
Center Wing Time % Phy DF OF
1 Rick Schofield Derek Joslin 60 1 2 2
2 Roman Horak Valeri Bure 40 1 2 2
Penalty Kill 4 Players Defense
Defense Defense Time % Phy DF OF
1 Ilkka Heikkinen Eric Knodel 60 1 2 2
2 Eric Gryba Brendan Smith 40 1 2 2
Penalty Kill - 3 Players Forward
Forward Time % Phy DF OF
1 Roman Horak 60 1 2 2
2 Rick Schofield 40 1 2 2
Penalty Kill - 3 Players Defense
Defense Defense Time % Phy DF OF
1 Derek Joslin Ilkka Heikkinen 60 1 2 2
2 Eric Gryba Brendan Smith 40 1 2 2
4 vs 4 Forward
Center Wing Time % Phy DF OF
1 Ryan O'Reilly Denis Shvidki 60 1 2 2
2 Rick Schofield Valeri Bure 40 1 2 2
4 vs 4 Defense
Defense Defense Time % Phy DF OF
1 Brendan Smith Eric Gryba 60 1 2 2
2 Derek Joslin Ilkka Heikkinen 40 1 2 2
Last Minutes Offensive
Center Left Wing Right Wing Defense Defense
Brayden Schenn Evander Kane Denis Shvidki Derek Joslin Brendan Smith
Last Minutes Defensive
Center Left Wing Right Wing Defense Defense
Rick Schofield Ben Eager Denis Shvidki Derek Joslin Brendan Smith
Goaltenders
Starting : Peter Mannino
Backup : Maxime Ouellet
Extra Forwards
Normal : Evander Kane, Reilly Smith, Eric Godard - PP : Evander Kane, Reilly Smith - PK : Eric Godard
Extra Defensemen
Normal : Eric Gryba, Eric Knodel, Ilkka Heikkinen - PP : Eric Gryba - PK : Joe Finley, Ilkka Heikkinen
Penalty Shots
Denis Shvidki, Ryan O'Reilly, Evander Kane, Valeri Bure, Ben Eager
Harfangs
5 vs 5 Forward
Center Left Wing Right Wing Time % Phy DF OF
1 Petri Kontiola Chris Kreider Stefan Ruzicka 40 1 2 2
2 Alex Killorn Peter Olvecky Roman Wick 30 1 2 2
3 Drew Shore Tomas Tatar Michal Repik 20 1 2 2
4 Brandon Pirri Dustin Jeffrey Kyle Palmieri 10 1 2 2
5 vs 5 Defense
Defense Defense Time % Phy DF OF
1 Alexandre Picard James Wisniewski 40 1 2 2
2 Mark Giordano Victor Bartley 30 1 2 2
3 Andrew Orpik Sasha Pokulok 20 1 2 2
4 Mark Giordano James Wisniewski 10 1 2 2
PowerPlay Forward
Center Left Wing Right Wing Time % Phy DF OF
1 Petri Kontiola Chris Kreider Stefan Ruzicka 60 1 2 2
2 Alex Killorn Peter Olvecky Roman Wick 40 1 2 2
PowerPlay Defense
Defense Defense Time % Phy DF OF
1 Alexandre Picard James Wisniewski 60 1 2 2
2 Mark Giordano Victor Bartley 40 1 2 2
Penalty Kill 4 Players Forward
Center Wing Time % Phy DF OF
1 Petri Kontiola Chris Kreider 60 1 2 2
2 Drew Shore Dustin Jeffrey 40 1 2 2
Penalty Kill 4 Players Defense
Defense Defense Time % Phy DF OF
1 Mark Giordano Alexandre Picard 60 1 2 2
2 Sasha Pokulok James Wisniewski 40 1 2 2
Penalty Kill - 3 Players Forward
Forward Time % Phy DF OF
1 Petri Kontiola 60 1 2 2
2 Drew Shore 40 1 2 2
Penalty Kill - 3 Players Defense
Defense Defense Time % Phy DF OF
1 Mark Giordano Alexandre Picard 60 1 2 2
2 Sasha Pokulok James Wisniewski 40 1 2 2
4 vs 4 Forward
Center Wing Time % Phy DF OF
1 Stefan Ruzicka Petri Kontiola 60 1 2 2
2 Alex Killorn Peter Olvecky 40 1 2 2
4 vs 4 Defense
Defense Defense Time % Phy DF OF
1 Alexandre Picard Mark Giordano 60 1 2 2
2 Sasha Pokulok James Wisniewski 40 1 2 2
Last Minutes Offensive
Center Left Wing Right Wing Defense Defense
Petri Kontiola Chris Kreider Stefan Ruzicka Mark Giordano James Wisniewski
Last Minutes Defensive
Center Left Wing Right Wing Defense Defense
Petri Kontiola Peter Olvecky Stefan Ruzicka Mark Giordano Alexandre Picard
Goaltenders
Starting : Robin Lehner
Backup : Peter Budaj
Extra Forwards
Normal : Stefan Ruzicka, Michal Repik, Tomas Tatar - PP : Stefan Ruzicka, Michal Repik - PK : Tomas Tatar
Extra Defensemen
Normal : Mark Giordano, James Wisniewski, Alexandre Picard - PP : Victor Bartley - PK : Mark Giordano, Alexandre Picard
Penalty Shots
Petri Kontiola, Peter Olvecky, Alexandre Picard, James Wisniewski, Tomas Tatar
% Time on Ice - Scraper
Lines # - Real PCT - Wanted PCT - Time Play
Normal Forward
1 - 34% - 35% - 17:20
2 - 32% - 35% - 15:54
3 - 25% - 25% - 12:49
4 - 9% - 5% - 4:19
Normal Defense
1 - 37% - 40% - 18:52
2 - 39% - 35% - 19:49
3 - 20% - 15% - 10:10
4 - 3% - 10% - 1:31
PP Forward
1 - 62% - 60% - 0:44
2 - 38% - 40% - 0:27
PP Defense
1 - 92% - 60% - 1:05
2 - 8% - 40% - 0:06
PK Forward
1 - 67% - 60% - 5:21
2 - 33% - 40% - 2:35
PK Defense
1 - 69% - 60% - 5:29
2 - 31% - 40% - 2:27
PK3 Forward
1 - 0% - 60%
2 - 0% - 40%
PK3 Defense
1 - 0% - 60%
2 - 0% - 40%
44 Forward
1 - 0% - 60%
2 - 0% - 40%
44 Defense
1 - 0% - 60%
2 - 0% - 40%
Last Minute Offensive - 0:00
Last Minute Defensive - 0:31
Total
Forward - 60:00
Defense - 60:00
|
% Time on Ice - Harfangs
Lines # - Real PCT - Wanted PCT - Time Play
Normal Forward
1 - 35% - 40% - 17:51
2 - 27% - 30% - 13:41
3 - 21% - 20% - 10:25
4 - 17% - 10% - 8:24
Normal Defense
1 - 40% - 40% - 20:02
2 - 33% - 30% - 16:41
3 - 22% - 20% - 10:53
4 - 5% - 10% - 2:45
PP Forward
1 - 62% - 60% - 4:57
2 - 38% - 40% - 2:59
PP Defense
1 - 48% - 60% - 3:48
2 - 52% - 40% - 4:08
PK Forward
1 - 56% - 60% - 0:40
2 - 44% - 40% - 0:31
PK Defense
1 - 32% - 60% - 0:23
2 - 68% - 40% - 0:48
PK3 Forward
1 - 0% - 60%
2 - 0% - 40%
PK3 Defense
1 - 0% - 60%
2 - 0% - 40%
44 Forward
1 - 0% - 60%
2 - 0% - 40%
44 Defense
1 - 0% - 60%
2 - 0% - 40%
Last Minute Offensive - 0:32
Last Minute Defensive - 0:00
Total
Forward - 60:00
Defense - 60:00
|
Play by Play
1st period
0:01 of 1st period - Petri Kontiola wins face-off versus Brayden Schenn in neutral zone.
0:33 of 1st period - Backhand shot by Peter Olvecky.
0:33 of 1st period - Stopped by Peter Mannino with a rebound.
1:37 of 1st period - Minor Penalty to Eric Knodel for Slashing.
1:38 of 1st period - Rick Schofield wins face-off versus Petri Kontiola in Scraper zone.
3:37 of 1st period - Penalty to Eric Knodel is over, Eric Knodel is back on ice.
3:50 of 1st period - Slapshot by Denis Shvidki.
3:50 of 1st period - Shot Blocked by Mark Giordano.
3:52 of 1st period - Wrist shot by Denis Shvidki.
3:52 of 1st period - Stopped by Robin Lehner with a rebound.
3:54 of 1st period - Slapshot by Eric Gryba.
3:54 of 1st period - Shot Misses the Net.
3:56 of 1st period - Slapshot by Eric Gryba.
3:56 of 1st period - Shot Blocked by Mark Giordano.
3:58 of 1st period - Snap shot by Denis Shvidki.
3:58 of 1st period - Shot Misses the Net.
4:15 of 1st period - Mark Giordano is hit by Ben Eager and loses puck.
4:51 of 1st period - Slapshot by Daniel Winnik.
4:51 of 1st period - Stopped by Robin Lehner with a rebound.
5:03 of 1st period - Wrist shot by Ben Eager.
5:03 of 1st period - Shot Misses the Net.
5:15 of 1st period - Wrist shot by Petri Kontiola.
5:15 of 1st period - Shot Blocked by Brendan Smith.
6:12 of 1st period - Eric Gryba is hit by Stefan Ruzicka and loses puck.
6:41 of 1st period - Slapshot by Michal Repik.
6:41 of 1st period - Stopped by Peter Mannino with a rebound.
7:05 of 1st period - Sasha Pokulok is hit by Ryan O'Reilly and loses puck.
8:23 of 1st period - Peter Olvecky is hit by Joe Finley and loses puck.
9:35 of 1st period - Brendan Smith is hit by James Wisniewski and loses puck.
10:19 of 1st period - Valeri Bure is hit by Drew Shore and loses puck.
10:45 of 1st period - Evander Kane is hit by Mark Giordano and loses puck.
11:14 of 1st period - Ben Eager is hit by Andrew Orpik and loses puck.
12:40 of 1st period - Eric Godard is hit by Sasha Pokulok and loses puck.
12:53 of 1st period - Wrist shot by Dustin Jeffrey.
12:53 of 1st period - Stopped by Peter Mannino with a rebound.
13:59 of 1st period - Ryan O'Reilly is hit by Dustin Jeffrey and loses puck.
14:04 of 1st period - Snap shot by Dustin Jeffrey.
14:04 of 1st period - Shot Blocked by Eric Gryba.
14:25 of 1st period - Roman Horak is hit by Alexandre Picard and loses puck.
14:50 of 1st period - Joe Finley is hit by Roman Wick and loses puck.
14:56 of 1st period - Icing by Eric Knodel.
14:57 of 1st period - Riley Armstrong wins face-off versus Alex Killorn in Scraper zone.
15:27 of 1st period - Mark Giordano is hit by Eric Godard and loses puck.
15:50 of 1st period - Snap shot by Chris Kreider.
15:50 of 1st period - Stopped by Peter Mannino with a rebound.
17:23 of 1st period - Snap shot by Chris Kreider.
17:23 of 1st period - Shot Misses the Net.
17:25 of 1st period - Slapshot by Andrew Orpik.
17:25 of 1st period - Stopped by Peter Mannino without a rebound.
17:26 of 1st period - Petri Kontiola wins face-off versus Eric Godard in Scraper zone.
17:29 of 1st period - Snap shot by Chris Kreider.
17:29 of 1st period - Shot Misses the Net.
17:55 of 1st period - Icing by Stefan Ruzicka.
17:56 of 1st period - Brayden Schenn wins face-off versus Petri Kontiola in Harfangs zone.
18:19 of 1st period - Snap shot by Chris Kreider.
18:19 of 1st period - Shot Misses the Net.
19:09 of 1st period - Snap shot by Stefan Ruzicka.
19:09 of 1st period - Stopped by Peter Mannino with a rebound.
19:11 of 1st period - Slapshot by Andrew Orpik.
19:11 of 1st period - Shot Misses the Net.
19:13 of 1st period - Snap shot by Stefan Ruzicka.
19:13 of 1st period - Stopped by Peter Mannino with a rebound.
19:15 of 1st period - Wrist shot by Stefan Ruzicka.
19:15 of 1st period - Deflect By Chris Kreider.
19:15 of 1st period - Goal by Chris Kreider - Scraper : 0 - Harfangs : 1.
19:16 of 1st period - Alex Killorn wins face-off versus Ryan O'Reilly in neutral zone.
19:24 of 1st period - Snap shot by Alex Killorn.
19:24 of 1st period - Deflect By Roman Wick.
19:24 of 1st period - Stopped by Peter Mannino without a rebound.
19:25 of 1st period - Alex Killorn wins face-off versus Ryan O'Reilly in Scraper zone.
19:33 of 1st period - Slapshot by Peter Olvecky.
19:33 of 1st period - Shot Hit the Post.
19:35 of 1st period - Snap shot by Peter Olvecky.
19:35 of 1st period - Shot Misses the Net.
19:37 of 1st period - Slapshot by Alexandre Picard.
19:37 of 1st period - Deflect By Peter Olvecky.
19:37 of 1st period - Stopped by Peter Mannino with a rebound.
19:51 of 1st period - Snap shot by Reilly Smith.
19:51 of 1st period - Stopped by Robin Lehner with a rebound.
Goals for this period are 0 for Scraper vs 1 for Harfangs.
Shots for this period are 3 for Scraper vs 10 for Harfangs.
2nd period
0:01 of 2nd period - Brayden Schenn wins face-off versus Petri Kontiola in neutral zone.
0:56 of 2nd period - Slapshot by Mark Giordano.
0:56 of 2nd period - Deflect By Roman Horak.
0:56 of 2nd period - Stopped by Peter Mannino with a rebound.
1:06 of 2nd period - Kyle Palmieri is hit by Evander Kane and loses puck.
1:54 of 2nd period - Ilkka Heikkinen is hit by Roman Wick and loses puck.
2:18 of 2nd period - Off-side.
2:19 of 2nd period - Brayden Schenn wins face-off versus Petri Kontiola in neutral zone.
2:25 of 2nd period - Snap shot by Evander Kane.
2:25 of 2nd period - Shot Blocked by James Wisniewski.
2:27 of 2nd period - Wrist shot by Brayden Schenn.
2:27 of 2nd period - Shot Misses the Net.
2:29 of 2nd period - Snap shot by Evander Kane.
2:29 of 2nd period - Stopped by Robin Lehner with a rebound.
2:31 of 2nd period - Snap shot by Brayden Schenn.
2:31 of 2nd period - Shot Blocked by Alexandre Picard.
3:14 of 2nd period - Wrist shot by Kyle Palmieri.
3:14 of 2nd period - Stopped by Peter Mannino without a rebound.
3:15 of 2nd period - Ryan O'Reilly wins face-off versus Petri Kontiola in Scraper zone.
3:26 of 2nd period - Slapshot by Ben Eager.
3:26 of 2nd period - Stopped by Robin Lehner without a rebound.
3:27 of 2nd period - Petri Kontiola wins face-off versus Evander Kane in Harfangs zone.
3:36 of 2nd period - Wrist shot by Stefan Ruzicka.
3:36 of 2nd period - Deflect By Chris Kreider.
3:36 of 2nd period - Stopped by Peter Mannino with a rebound.
3:52 of 2nd period - Reilly Smith is hit by Peter Olvecky and loses puck.
3:57 of 2nd period - Wrist shot by Roman Wick.
3:57 of 2nd period - Shot Blocked by Reilly Smith.
3:59 of 2nd period - Slapshot by Victor Bartley.
3:59 of 2nd period - Shot Blocked by Reilly Smith.
4:17 of 2nd period - Ilkka Heikkinen is hit by Tomas Tatar.
4:33 of 2nd period - Slapshot by Mark Giordano.
4:33 of 2nd period - Stopped by Peter Mannino without a rebound.
4:34 of 2nd period - Brayden Schenn wins face-off versus Dustin Jeffrey in Scraper zone.
4:34 of 2nd period - Brayden Schenn is hit by Brandon Pirri.
4:56 of 2nd period - Snap shot by Denis Shvidki.
4:56 of 2nd period - Goal by Denis Shvidki - Scraper : 1 - Harfangs : 1.
4:57 of 2nd period - Petri Kontiola wins face-off versus Ryan O'Reilly in neutral zone.
4:59 of 2nd period - Minor Penalty to James Wisniewski for Roughing.
5:00 of 2nd period - Brayden Schenn wins face-off versus Petri Kontiola in Harfangs zone.
5:04 of 2nd period - Wrist shot by Denis Shvidki.
5:04 of 2nd period - Stopped by Robin Lehner without a rebound.
5:05 of 2nd period - Petri Kontiola wins face-off versus Brayden Schenn in Harfangs zone.
5:16 of 2nd period - Slapshot by Denis Shvidki.
5:16 of 2nd period - Goal by Denis Shvidki - Scraper : 2 - Harfangs : 1.
5:17 of 2nd period - Ryan O'Reilly wins face-off versus Petri Kontiola in neutral zone.
5:20 of 2nd period - Stefan Ruzicka is hit by Brendan Smith.
5:32 of 2nd period - Snap shot by Ryan O'Reilly.
5:32 of 2nd period - Stopped by Robin Lehner with a rebound.
5:53 of 2nd period - Snap shot by Alex Killorn.
5:53 of 2nd period - Stopped by Peter Mannino without a rebound.
5:54 of 2nd period - Roman Horak wins face-off versus Drew Shore in Scraper zone.
5:56 of 2nd period - Minor Penalty to Valeri Bure for Slashing.
5:57 of 2nd period - Petri Kontiola wins face-off versus Rick Schofield in Scraper zone.
6:09 of 2nd period - Snap shot by Stefan Ruzicka.
6:09 of 2nd period - Stopped by Peter Mannino with a rebound.
6:29 of 2nd period - Slapshot by Roman Wick.
6:29 of 2nd period - Shot Misses the Net.
6:31 of 2nd period - Slapshot by James Wisniewski.
6:31 of 2nd period - Stopped by Peter Mannino without a rebound.
6:32 of 2nd period - Rick Schofield wins face-off versus Petri Kontiola in Scraper zone.
6:56 of 2nd period - Stefan Ruzicka is hit by Eric Gryba and loses puck.
7:13 of 2nd period - Snap shot by Stefan Ruzicka.
7:13 of 2nd period - Stopped by Peter Mannino with a rebound.
7:56 of 2nd period - Penalty to Valeri Bure is over, Valeri Bure is back on ice.
8:02 of 2nd period - Brendan Smith is hit by Roman Wick and loses puck.
8:21 of 2nd period - Snap shot by Drew Shore.
8:21 of 2nd period - Deflect By Tomas Tatar.
8:21 of 2nd period - Shot Misses the Net.
8:21 of 2nd period - Puck is out of play.
8:22 of 2nd period - Roman Horak wins face-off versus Alex Killorn in Scraper zone.
8:33 of 2nd period - Snap shot by Daniel Winnik.
8:33 of 2nd period - Stopped by Robin Lehner without a rebound.
8:34 of 2nd period - Alex Killorn wins face-off versus Ryan O'Reilly in Harfangs zone.
8:39 of 2nd period - Wrist shot by James Wisniewski.
8:39 of 2nd period - Stopped by Peter Mannino with a rebound.
9:26 of 2nd period - Jared Cowen is hit by Brandon Pirri and loses puck.
10:10 of 2nd period - Brendan Smith is hit by Drew Shore and loses puck.
10:40 of 2nd period - Slapshot by Mark Giordano.
10:40 of 2nd period - Stopped by Peter Mannino with a rebound.
10:46 of 2nd period - Slapshot by Kyle Palmieri.
10:46 of 2nd period - Stopped by Peter Mannino with a rebound.
10:48 of 2nd period - Wrist shot by Brandon Pirri.
10:48 of 2nd period - Stopped by Peter Mannino with a rebound.
10:50 of 2nd period - Wrist shot by Dustin Jeffrey.
10:50 of 2nd period - Stopped by Peter Mannino without a rebound.
10:51 of 2nd period - Ryan O'Reilly wins face-off versus Petri Kontiola in Scraper zone.
11:03 of 2nd period - Andrew Orpik is hit by Eric Gryba and loses puck.
11:20 of 2nd period - Wrist shot by Valeri Bure.
11:20 of 2nd period - Shot Blocked by Andrew Orpik.
11:22 of 2nd period - Snap shot by Valeri Bure.
11:22 of 2nd period - Shot Misses the Net.
11:24 of 2nd period - Slapshot by Jared Cowen.
11:24 of 2nd period - Stopped by Robin Lehner without a rebound.
11:25 of 2nd period - Brayden Schenn wins face-off versus Peter Olvecky in Harfangs zone.
11:58 of 2nd period - Snap shot by Chris Kreider.
11:58 of 2nd period - Goal by Chris Kreider - Scraper : 2 - Harfangs : 2.
11:59 of 2nd period - Ryan O'Reilly wins face-off versus Petri Kontiola in neutral zone.
12:09 of 2nd period - Slapshot by Ben Eager.
12:09 of 2nd period - Stopped by Robin Lehner with a rebound.
12:11 of 2nd period - Slapshot by Ilkka Heikkinen.
12:11 of 2nd period - Stopped by Robin Lehner with a rebound.
12:13 of 2nd period - Slapshot by Ilkka Heikkinen.
12:13 of 2nd period - Stopped by Robin Lehner with a rebound.
12:25 of 2nd period - Denis Shvidki is hit by Peter Olvecky and loses puck.
12:32 of 2nd period - Wrist shot by Alex Killorn.
12:32 of 2nd period - Stopped by Peter Mannino without a rebound.
12:33 of 2nd period - Alex Killorn wins face-off versus Roman Horak in Scraper zone.
13:10 of 2nd period - Wrist shot by Evander Kane.
13:10 of 2nd period - Stopped by Robin Lehner with a rebound.
13:25 of 2nd period - Off-side.
13:26 of 2nd period - Alex Killorn wins face-off versus Ryan O'Reilly in neutral zone.
13:31 of 2nd period - Snap shot by Alex Killorn.
13:31 of 2nd period - Stopped by Peter Mannino with a rebound.
13:37 of 2nd period - Peter Olvecky is hit by Ryan O'Reilly and loses puck.
13:59 of 2nd period - Wrist shot by Ilkka Heikkinen.
13:59 of 2nd period - Stopped by Robin Lehner without a rebound.
14:00 of 2nd period - Petri Kontiola wins face-off versus Brayden Schenn in Harfangs zone.
14:42 of 2nd period - Eric Gryba is hit by Peter Olvecky and loses puck.
16:08 of 2nd period - Slapshot by Denis Shvidki.
16:08 of 2nd period - Deflect By Tomas Tatar.
16:08 of 2nd period - Shot Misses the Net.
16:08 of 2nd period - Puck is out of play.
16:09 of 2nd period - Alex Killorn wins face-off versus Brayden Schenn in Harfangs zone.
16:18 of 2nd period - Snap shot by Peter Olvecky.
16:18 of 2nd period - Stopped by Peter Mannino without a rebound.
16:19 of 2nd period - Ryan O'Reilly wins face-off versus Alex Killorn in Scraper zone.
16:34 of 2nd period - Slapshot by Ben Eager.
16:34 of 2nd period - Stopped by Robin Lehner with a rebound.
16:43 of 2nd period - Off-side.
16:44 of 2nd period - Petri Kontiola wins face-off versus Roman Horak in neutral zone.
17:09 of 2nd period - Evander Kane is hit by Peter Olvecky and loses puck.
17:49 of 2nd period - Off-side.
17:50 of 2nd period - Roman Horak wins face-off versus Brandon Pirri in neutral zone.
17:57 of 2nd period - Snap shot by Valeri Bure.
17:57 of 2nd period - Shot Misses the Net.
18:21 of 2nd period - Off-side.
18:22 of 2nd period - Ryan O'Reilly wins face-off versus Petri Kontiola in neutral zone.
18:25 of 2nd period - Sasha Pokulok is hit by Eric Gryba and loses puck.
19:32 of 2nd period - Reilly Smith is hit by Mark Giordano and loses puck.
19:57 of 2nd period - Wrist shot by Denis Shvidki.
19:57 of 2nd period - Stopped by Robin Lehner without a rebound.
19:58 of 2nd period - Brayden Schenn wins face-off versus Petri Kontiola in Harfangs zone.
Goals for this period are 2 for Scraper vs 1 for Harfangs.
Shots for this period are 15 for Scraper vs 17 for Harfangs.
3rd period
0:01 of 3rd period - Petri Kontiola wins face-off versus Ryan O'Reilly in neutral zone.
0:10 of 3rd period - Slapshot by Ryan O'Reilly.
0:10 of 3rd period - Stopped by Robin Lehner with a rebound.
0:26 of 3rd period - Brendan Smith is hit by Peter Olvecky and loses puck.
0:33 of 3rd period - James Wisniewski is hit by Eric Gryba.
0:37 of 3rd period - Slapshot by Mark Giordano.
0:37 of 3rd period - Deflect By Roman Wick.
0:37 of 3rd period - Stopped by Peter Mannino without a rebound.
0:38 of 3rd period - Drew Shore wins face-off versus Daniel Winnik in Scraper zone.
0:45 of 3rd period - Backhand shot by Michal Repik.
0:45 of 3rd period - Stopped by Peter Mannino with a rebound.
0:47 of 3rd period - Slapshot by Andrew Orpik.
0:47 of 3rd period - Shot Misses the Net.
0:49 of 3rd period - Wrist shot by Drew Shore.
0:49 of 3rd period - Stopped by Peter Mannino with a rebound.
0:51 of 3rd period - Slapshot by Andrew Orpik.
0:51 of 3rd period - Deflect By Valeri Bure.
0:51 of 3rd period - Stopped by Peter Mannino with a rebound.
0:53 of 3rd period - Snap shot by Drew Shore.
0:53 of 3rd period - Shot Blocked by Jared Cowen.
1:29 of 3rd period - Alexandre Picard is hit by Ryan O'Reilly and loses puck.
3:06 of 3rd period - Brayden Schenn is hit by Andrew Orpik and loses puck.
3:13 of 3rd period - Wrist shot by Dustin Jeffrey.
3:13 of 3rd period - Stopped by Peter Mannino without a rebound.
3:14 of 3rd period - Chris Kreider wins face-off versus Ryan O'Reilly in Scraper zone.
3:27 of 3rd period - Slapshot by Chris Kreider.
3:27 of 3rd period - Stopped by Peter Mannino with a rebound.
3:29 of 3rd period - Slapshot by Alexandre Picard.
3:29 of 3rd period - Deflect By Petri Kontiola.
3:29 of 3rd period - Stopped by Peter Mannino with a rebound.
4:49 of 3rd period - Snap shot by Petri Kontiola.
4:49 of 3rd period - Stopped by Peter Mannino with a rebound.
4:51 of 3rd period - Slapshot by Alexandre Picard.
4:51 of 3rd period - Shot Blocked by Brendan Smith.
4:53 of 3rd period - Backhand shot by Stefan Ruzicka.
4:53 of 3rd period - Shot Misses the Net.
5:06 of 3rd period - Minor Penalty to Roman Horak for Slashing.
5:07 of 3rd period - Rick Schofield wins face-off versus Petri Kontiola in Scraper zone.
5:34 of 3rd period - Rick Schofield is hit by James Wisniewski.
6:32 of 3rd period - Alex Killorn is hit by Ilkka Heikkinen and loses puck.
6:56 of 3rd period - Snap shot by Eric Godard.
6:56 of 3rd period - Stopped by Robin Lehner without a rebound.
6:57 of 3rd period - Petri Kontiola wins face-off versus Eric Godard in Harfangs zone.
7:06 of 3rd period - Penalty to Roman Horak is over, Roman Horak is back on ice.
7:07 of 3rd period - Mark Giordano is hit by Ben Eager and loses puck.
7:14 of 3rd period - Wrist shot by Ben Eager.
7:14 of 3rd period - Shot Blocked by Victor Bartley.
7:25 of 3rd period - Eric Gryba is hit by Mark Giordano and loses puck.
7:34 of 3rd period - Wrist shot by Eric Godard.
7:34 of 3rd period - Shot Misses the Net.
7:46 of 3rd period - Snap shot by Eric Godard.
7:46 of 3rd period - Stopped by Robin Lehner with a rebound.
7:49 of 3rd period - Icing by Chris Kreider.
7:50 of 3rd period - Petri Kontiola wins face-off versus Brayden Schenn in Harfangs zone.
8:03 of 3rd period - Slapshot by Stefan Ruzicka.
8:03 of 3rd period - Shot Misses the Net.
8:29 of 3rd period - Snap shot by Evander Kane.
8:29 of 3rd period - Stopped by Robin Lehner with a rebound.
8:31 of 3rd period - Slapshot by Eric Knodel.
8:31 of 3rd period - Stopped by Robin Lehner without a rebound.
8:31 of 3rd period - Minor Penalty to Robin Lehner for Slashing.
8:32 of 3rd period - Drew Shore wins face-off versus Reilly Smith in Harfangs zone.
8:40 of 3rd period - Snap shot by Daniel Winnik.
8:40 of 3rd period - Shot Misses the Net.
8:42 of 3rd period - Wrist shot by Daniel Winnik.
8:42 of 3rd period - Stopped by Robin Lehner without a rebound.
8:43 of 3rd period - Drew Shore wins face-off versus Brayden Schenn in Harfangs zone.
9:13 of 3rd period - Wrist shot by Valeri Bure.
9:13 of 3rd period - Shot Blocked by Sasha Pokulok.
9:15 of 3rd period - Snap shot by Reilly Smith.
9:15 of 3rd period - Shot Misses the Net.
9:17 of 3rd period - Wrist shot by Valeri Bure.
9:17 of 3rd period - Shot Blocked by Peter Olvecky.
9:19 of 3rd period - Slapshot by Brendan Smith.
9:19 of 3rd period - Stopped by Robin Lehner without a rebound.
9:20 of 3rd period - Brayden Schenn wins face-off versus Petri Kontiola in Harfangs zone.
9:23 of 3rd period - Snap shot by Evander Kane.
9:23 of 3rd period - Stopped by Robin Lehner with a rebound.
9:25 of 3rd period - Slapshot by Eric Gryba.
9:25 of 3rd period - Goal by Eric Gryba - Scraper : 3 - Harfangs : 2.
9:26 of 3rd period - Alex Killorn wins face-off versus Ryan O'Reilly in neutral zone.
9:35 of 3rd period - Wrist shot by Alex Killorn.
9:35 of 3rd period - Shot Misses the Net.
10:18 of 3rd period - Wrist shot by Alexandre Picard.
10:18 of 3rd period - Stopped by Peter Mannino with a rebound.
10:20 of 3rd period - Wrist shot by Michal Repik.
10:20 of 3rd period - Shot Misses the Net.
10:38 of 3rd period - Snap shot by Mark Giordano.
10:38 of 3rd period - Stopped by Peter Mannino with a rebound.
11:22 of 3rd period - Backhand shot by Stefan Ruzicka.
11:22 of 3rd period - Stopped by Peter Mannino without a rebound.
11:23 of 3rd period - Petri Kontiola wins face-off versus Roman Horak in Scraper zone.
11:24 of 3rd period - Wrist shot by Stefan Ruzicka.
11:24 of 3rd period - Goal by Stefan Ruzicka - Scraper : 3 - Harfangs : 3.
11:25 of 3rd period - Petri Kontiola wins face-off versus Ryan O'Reilly in neutral zone.
11:33 of 3rd period - Ben Eager is hit by James Wisniewski and loses puck.
12:25 of 3rd period - Slapshot by Chris Kreider.
12:25 of 3rd period - Stopped by Peter Mannino with a rebound.
12:37 of 3rd period - Wrist shot by Chris Kreider.
12:37 of 3rd period - Stopped by Peter Mannino without a rebound.
12:38 of 3rd period - Alex Killorn wins face-off versus Ryan O'Reilly in Scraper zone.
13:31 of 3rd period - Slapshot by Dustin Jeffrey.
13:31 of 3rd period - Stopped by Peter Mannino without a rebound.
13:32 of 3rd period - Roman Horak wins face-off versus Alex Killorn in Scraper zone.
13:48 of 3rd period - Minor Penalty to Eric Knodel for Interference.
13:49 of 3rd period - Petri Kontiola wins face-off versus Rick Schofield in Scraper zone.
15:48 of 3rd period - Penalty to Eric Knodel is over, Eric Knodel is back on ice.
15:56 of 3rd period - Brayden Schenn is hit by Dustin Jeffrey and loses puck.
16:29 of 3rd period - Roman Horak is hit by Alexandre Picard and loses puck.
16:36 of 3rd period - Michal Repik is hit by Valeri Bure and loses puck.
16:41 of 3rd period - Wrist shot by Daniel Winnik.
16:41 of 3rd period - Goal by Daniel Winnik - Scraper : 4 - Harfangs : 3.
16:42 of 3rd period - Petri Kontiola wins face-off versus Roman Horak in neutral zone.
17:05 of 3rd period - Icing by Brendan Smith.
17:06 of 3rd period - Drew Shore wins face-off versus Roman Horak in Scraper zone.
17:06 of 3rd period - Drew Shore is hit by Brendan Smith.
18:03 of 3rd period - Wrist shot by Ryan O'Reilly.
18:03 of 3rd period - Stopped by Robin Lehner without a rebound.
18:04 of 3rd period - Ryan O'Reilly wins face-off versus Chris Kreider in Harfangs zone.
18:29 of 3rd period - Roman Horak is hit by Alexandre Picard and loses puck.
19:08 of 3rd period - Harfangs, Robin Lehner is pulled from the net.
19:33 of 3rd period - Slapshot by Denis Shvidki.
19:33 of 3rd period - Deflect By Petri Kontiola.
19:33 of 3rd period - Goal by Denis Shvidki - Scraper : 5 - Harfangs : 3.
19:33 of 3rd period - Robin Lehner from Harfangs was sent back in the game.
19:34 of 3rd period - Roman Horak wins face-off versus Drew Shore in neutral zone.
19:39 of 3rd period - Snap shot by Daniel Winnik.
19:39 of 3rd period - Stopped by Robin Lehner without a rebound.
19:40 of 3rd period - Drew Shore wins face-off versus Roman Horak in Harfangs zone.
19:49 of 3rd period - Slapshot by Valeri Bure.
19:49 of 3rd period - Stopped by Robin Lehner without a rebound.
19:50 of 3rd period - Drew Shore wins face-off versus Roman Horak in Harfangs zone.
Goals for this period are 3 for Scraper vs 1 for Harfangs.
Shots for this period are 14 for Scraper vs 15 for Harfangs.
Output by the SimonT Hockey Simulator (STHS) for François Prévost -- Original Page W3C XHTML 1.0 Valid